 Dungeon Crawl Stone Soup version 0.14-a0-1626-g054e7ae (webtiles) character file.

136 M4edhros the Ducker (level 4, 0/28 HPs)
             Began as an Octopode Artificer on Dec 25, 2013.
             Slain by a gnoll
             ... wielding a +0,+0 spear
              (4 damage)
             ... on Level 2 of the Dungeon.
             The game lasted 00:01:36 (1452 turns).

M4edhros the Ducker (Octopode Artificer)            Turns: 1452, Time: 00:01:37

HP   0/28        AC  1     Str 10      XL: 4   Next: 26%
MP   6/6         EV 13     Int 15      God:
Gold 64          SH  0     Dex 12      Spells:  0 memorised,  3 levels left

rFire  . . .     SeeInvis .     a - +0 short sword
rCold  . . .     Clarity  .     (no shield)
rNeg   . . .     Conserve .     (helmet restricted)
rPois  .         rCorr    .     (no amulet)
rElec  .         rRot     .     (no ring)
SustAb . .       Spirit   .     (no ring)
rMut   .         Warding  .     (no ring)
Saprov . . .     Stasis   .     (no ring)
                                (no ring)
                                (no ring)
                                (no ring)
                                (no ring)

@: slightly resistant to hostile enchantments, stealthy
A: almost no armour, amphibious, 8 rings, constrict 8, camouflage 1, gelatinous
body 1
a: no special abilities


You were on level 2 of the Dungeon.
You were near starving.

You visited 1 branch of the dungeon, and saw 2 of its levels.

You collected 64 gold pieces.

Inventory:

Hand weapons
 a - a +0,+0 short sword (weapon)
Missiles
 p - 4 exploding darts (quivered)
Magical devices
 b - a wand of flame (0)
 c - a wand of enslavement (11)
 d - a wand of random effects (14)
Comestibles
 f - 2 bread rations
 l - a meat ration
Scrolls
 e - a scroll of curse weapon {unknown}
 g - 2 scrolls of remove curse {unknown}
 h - a scroll of blinking {unknown}
 i - 2 scrolls of enchant weapon II {unknown}
 j - a scroll of enchant armour {unknown}
 k - 7 scrolls of identify {unknown}
 m - a scroll of noise {unknown}
 q - a scroll of fear {unknown}
Potions
 n - a potion of agility {unknown}
 o - a potion of heal wounds {unknown}
 r - a potion of brilliance {unknown}
 s - a potion of speed {unknown}


   Skills:
 - Level 1.0 Fighting
 - Level 1.0 Short Blades
 + Level 4.4 Dodging
 - Level 1.3 Stealth
 - Level 3.2 Evocations


You had 3 spell levels left.
You didn't know any spells.

Dungeon Overview and Level Annotations

Branches:
Dungeon (2/16)

Altars:
Okawaru


Innate Abilities, Weirdness & Mutations

You cannot wear most types of armour.
You are amphibious.
You can wear up to eight rings at the same time.
You can use your tentacles to constrict many enemies at once.
Your skin changes colour to match your surroundings (Stlth).
Your rubbery body absorbs attacks (AC +1).


Message History

* * * LOW HITPOINT WARNING * * *
Evoke which item? (* to show all) (? for menu, Esc to quit)
Zapping:
b - a wand of flame (1)
Press: ? - help, Shift-Dir - straight line, f/p - gnoll
Aim: a gnoll, wielding a spear (severely wounded)
The puff of flame misses the gnoll.
This wand has 0 charges left.
The gnoll closely misses you.
Evoke which item? (* to show all) (? for menu, Esc to quit)
This wand has no charges.
Unknown command.
Evoke which item? (* to show all) (? for menu, Esc to quit)
Zapping:
d - a wand of random effects (15)
Press: ? - help, Shift-Dir - straight line, f/p - gnoll
Aim: a gnoll, wielding a spear (severely wounded)
You hear a mighty clap of thunder!
The bolt of lightning hits the gnoll.
The gnoll appears unharmed.
The gnoll is severely wounded.
This wand has 14 charges left.
The gnoll hits you from afar with a spear.
You die...

#### # #.. ..# ###.#
##.# #.<.# #... #..%#
#... #...# ##...
####...# #...#
#..@...# #...#
##...##.#########...#
#.g..................
#.#####..............
#.# #..............
#.# #.#......####..


gg. #.............. #...# #############.. #...# #####.. You could see a gnoll.

Vanquished Creatures
  2 gnolls (D:2)
  2 adders (D:2)
  6 goblins (D:1)
  3 hobgoblins
  8 kobolds
  A ball python (D:1)
  6 bats
  A giant cockroach (D:1)
  2 giant newts
  4 rats
35 creatures vanquished.

Vanquished Creatures (collateral kills)
  A worm (D:2)
  A hobgoblin (D:2)
2 creatures vanquished.

Vanquished Creatures (others)
  An adder (D:2)
1 creature vanquished.

Grand Total: 38 creatures vanquished

Notes
Turn   | Place    | Note
--------------------------------------------------------------
     0 | D:1      | M4edhros, the Octopode Artificer, began the quest for the Orb.
     0 | D:1      | Reached XP level 1. HP: 13/13 MP: 1/1
   188 | D:1      | Reached XP level 2. HP: 16/18 MP: 3/3
   776 | D:2      | Found an iron altar of Okawaru.
   782 | D:2      | Reached XP level 3. HP: 23/23 MP: 4/4
  1052 | D:2      | HP: 1/23 [adder (1)]
  1209 | D:2      | Reached skill level 4 in Dodging
  1419 | D:2      | Reached XP level 4. HP: 28/28 MP: 6/6
  1452 | D:2      | Slain by a gnoll

Action                   |  1- 3 |  4- 6 || total
-------------------------+-------+-------++-------
Melee: Short sword       |    51 |     3 ||    54
Evoke: Wand              |    12 |     8 ||    20
  Use: Potion            |     1 |       ||     1
 Stab: Sleeping          |     4 |       ||     4
